Map: Nightshade LE

Players

bleu

  • Race: Zerg Zerg
  • League: Diamond
  • Spawn Location: 11:00

A.I. 1 (Very Easy) - Winner!

  • Race: Zerg Zerg
  • Spawn Location: 5:00

VOD

Have the link to the VOD?

Description

Time

  • Played on: April 3, 2020, 10:37 a.m.
  • Length: 4:05
Show
View Real Time Build Order
Export as new Build Order

bleu Zerg 

Build Orders: Hatch First 

Get SALT Encoding   

  12  0:01  Drone  
  13  0:13  Overlord  
  13  0:16  Drone  
  14  0:31  Drone x2  
  16  0:49  Hatchery  
  15  0:53  Drone  
  15  0:56  Drone  
  17  0:59  Drone  
  18  1:10  Extractor  
  17  1:15  Spawning Pool  
  16  1:18  Drone  
  16  1:22  Drone  
  18  1:28  Drone  
  19  1:39  Drone  
  20  1:50  Overlord  
  20  2:02  Queen x2  
  20  2:03  Zergling x4  
  26  2:11  Drone  
  26  2:12  Drone  
  28  2:22  Drone  
  29  2:23  Drone  
  30  2:33  Hatchery  
  29  2:38  Pneumatized Carapace  
  29  2:41  Drone  
  29  2:42  Drone  
  31  2:50  Queen  
  33  2:55  Overlord  
  33  2:58  Drone  
  34  2:59  Drone  
  34  3:03  Drone  
  36  3:12  Overlord  
  36  3:14  Drone  
  36  3:16  Drone  
  38  3:20  Drone x2  
  38  3:24  Overlord  
  40  3:29  Drone x2  
  42  3:34  Drone  
  42  3:38  Drone  
  44  3:45  Drone x3  
  49  3:48  Drone  
  49  3:49  Drone  
  49  3:51  Drone  
  52  3:59  Roach Warren  
Show
View Real Time Build Order
Export as new Build Order

A.I. 1 (Very Easy) Zerg - Winner!

Build Orders: Pool Only 

Get SALT Encoding   

  12  0:00  Drone  
  13  0:12  Overlord  
  13  0:16  Drone  
  14  0:35  Spawning Pool  
  14  0:37  Extractor  
  14  0:39  Drone  
  13  0:46  Drone  
  14  0:52  Overlord  
  14  1:23  Zergling x2, Queen  
  17  1:30  Roach Warren  
  16  1:34  Drone  
  16  1:38  Extractor  
  16  1:40  Zergling x2  
  16  1:43  Drone  
  18  1:55  Drone  
  18  1:57  Zergling x2  
  20  2:06  Drone  
  21  2:17  Drone  
  22  2:28  Drone  
  22  2:29  Overlord  
  23  2:35  Drone  
  24  2:42  Drone  
Tags
 
League
Diamond
Matchup
ZvZ
Race
Zerg
Spawn Locations
Cross Positions
Add a new tag
Caveats
  • Supply blocks, unpowered buildings, or Contaminate may cause inaccurate times.
  • Supply counts are checked every 10 seconds.